 Dungeon Crawl Stone Soup version 0.28-a0-577-gb193047a1f (webtiles) character file.

Game seed: 9000831467359576065

44 sanka the Changer (level 3, -2/27 HPs)
             Began as a Demigod Transmuter on Oct 1, 2021.
             Slain by a goblin (5 damage)
             ... led by Robin
             ... on level 2 of the Dungeon.
             The game lasted 00:03:13 (1701 turns).

sanka the Changer (Demigod Transmuter)              Turns: 1701, Time: 00:03:14

Health: -2/27      AC:  2    Str: 11    XL:     3   Next: 23%
Magic:  5/8        EV: 19    Int: 19    God:
Gold:   24         SH:  0    Dex: 19    Spells: 0/6 levels left

rFire   . . .      SeeInvis .     - Unarmed
rCold   . . .      Faith    .   (shield currently unavailable)
rNeg    . . .      Spirit   .   (armour currently unavailable)
rPois   x          Reflect  .   (helmet currently unavailable)
rElec   .          Harm     .   (cloak currently unavailable)
rCorr   .          Rampage  .   (gloves currently unavailable)
Will    .....                   (boots currently unavailable)
Stlth   ++........              (no amulet)
HPRegen 0.09/turn               (no ring)
MPRegen 0.11/turn               (no ring)

@: lethally poisoned (-2 -> -11), spider-form
A: venomous fangs, tiny, high mp 1, forlorn
a: End Transformation


You were on level 2 of the Dungeon.
You were a venomous arachnid creature.
You visited 1 branch of the dungeon, and saw 2 of its levels.

You collected 24 gold pieces.


Innate Abilities, Weirdness & Mutations

You are a venomous arachnid creature.
You have poisonous fangs.
You are tiny and dextrous.
Your spellcasting is less reliable in this form.
Your armour is entirely melded.
You are incapable of wielding weapons or throwing items.
Your attributes grow dramatically as you level up.
You have an increased reservoir of magic. (+10% MP)
You shall have no god before yourself.


   Skills:
 - Level 0.8 Fighting
 - Level 1.7 Dodging
 - Level 2.6 Unarmed Combat
 - Level 2.0 Spellcasting
 + Level 3.4 Transmutations


You couldn't memorise any spells.
You knew the following spells:

 Your Spells              Type           Power      Damage    Failure   Level
x - Spider Form           Tmut/Pois      4%         N/A       47%         3
y - Wereblood             Tmut           14%        N/A       17%         2
z - Beastly Appendage     Tmut           28%        N/A       13%         1

Your spell library contained the following spells:

 Spells                   Type           Power      Damage    Failure   Level
 Ice Form                 Ice/Tmut       8%         N/A       82%         4
 Borgnjor's Revivificati  Necr           0%         N/A       100%        8
 Necromutation            Tmut/Necr      4%         N/A       100%        8
 Death's Door             Necr           0%         N/A       100%        9

Inventory:

Armour
 a - a +0 robe (melded)
Potions
 b - a potion of brilliance {unknown}
 c - a potion of magic {unknown}
 d - a potion of haste {unknown}
 e - 2 potions of curing {unknown}

Dungeon Overview and Level Annotations

Branches:
Dungeon (2/15)

Annotations:
D:1 exclusion: gnoll
D:2 Robin

▒.▒..▒▒▒..▒▒
▒▒..(▒▒....▒
▒.......▒..▒
▒.......▒..▒.
▒.............
▒............▒
▒.gg.g......▒▒
▒▒g▒▒▒.......▒
▒s▒ ▒.▒..▒▒.▒
▒ggg.....▒ ..
.....g....▒
▒...........
...........
▒...£......
▒..........
▒.▒▒...▒...


You could see Robin (extremely poisoned), a hobgoblin and 5 goblins.


Message History

You turn into a venomous arachnid creature.
The goblin shouts!
You hear a shout!
Robin completely misses you.
The goblin shouts!
You hit Robin.
Robin is poisoned.
Robin is heavily wounded.
Robin throws the goblin at you!
* * * LOW HITPOINT WARNING * * *
The goblin misses you.
Unknown command.
There are monsters nearby!
You barely miss the goblin. The goblin barely misses you.
The goblin closely misses you.
You hit the goblin but do no damage.
The goblin is poisoned.
Robin completely misses you.
The goblin hits you with a +0 dagger of venom.
* * * LOW HITPOINT WARNING * * *
You are lethally poisoned!
Unknown command.
You hit Robin.
Robin looks as sick as possible!
Robin is heavily wounded.
* * * LOW HITPOINT WARNING * * *
You feel very sick. The goblin hits you with a +0 club.
You die...

Action                   || total
-------------------------++-------
Melee: Unarmed           ||   104
       Kick              ||    16
       Headbutt          ||     8
       Punch             ||     1
 Cast: Beastly Appendage ||    25
       Spider Form       ||     1
Armor: Robe              ||    13
Dodge: Dodged            ||    65

Levels and vault maps discovered:
D:1:      dpeg_arrival_rhombi, layout_rooms, minmay_tromino_v2
D:2:      layout_rooms, uniq_jessica, uniq_crazy_yiuf_cottage, uniq_robin

Notes
Turn   | Place    | Note
-------+----------+-------------------------------------------
     0 | D:1      | sanka the Demigod Transmuter began the quest for the Orb.
     0 | D:1      | Reached XP level 1. HP: 15/15 MP: 5/5
   163 | D:1      | Reached skill level 2 in Spellcasting
   163 | D:1      | Reached skill level 2 in Transmutations
   443 | D:1      | Reached XP level 2. HP: 10/22 MP: 7/7
   612 | D:1      | Learned a level 2 spell: Wereblood
  1060 | D:2      | Noticed Robin
  1332 | D:2      | Reached skill level 3 in Transmutations
  1576 | D:2      | Reached XP level 3. HP: 27/27 MP: 6/8
  1580 | D:2      | Learned a level 3 spell: Spider Form
  1701 | D:2      | Slain by a goblin

Vanquished Creatures
  An adder (D:2)
  5 endoplasms
  A giant cockroach (D:1)
  7 goblins (D:1)
  3 hobgoblins
  2 kobolds
  A quokka (D:1)
  2 ball pythons (D:1)
  4 bats
  A frilled lizard (D:1)
  5 rats (D:1)
32 creatures vanquished.
